 Dungeon Crawl Stone Soup version 0.29.1-1-gd02db6906a (webtiles) character file.

Game seed: 1814699943725653843

25934 RatsInWalls the Fighter (level 12, -4/107 HPs)
             Began as a Demonspawn Monk on Oct 21, 2022.
             Was a High Priest of Nemelex Xobeh.
             Slain by a cane toad (5 damage)
             ... summoned by a naga
             ... on level 3 of the Lair of Beasts.
             The game lasted 00:36:05 (18543 turns).

RatsInWalls the Fighter (Demonspawn Monk)          Turns: 18543, Time: 00:36:07

Health: -4/107     AC: 22    Str: 22    XL:     12   Next: 93%
Magic:  27/27      EV: 10    Int: 16    God:    Nemelex Xobeh [*****.]
Gold:   1257       SH:  5    Dex: 21    Spells: 11/11 levels left

rFire   . . .      SeeInvis +   p - +12 quarterstaff of Wusye {drain, +Blink rC- Will+ Int+4}
rCold   + + .      Faith    .   (shield currently unavailable)
rNeg    . . .      Spirit   .   d - +0 plate armour
rPois   +          Reflect  +   t - +2 hat of Teer {Contam rC+++ Dex+6}
rElec   .          Harm     .   N - +1 cloak
rCorr   .          Rampage  .   g - +1 pair of gloves {Str+3}
Will    +....                   D - +0 pair of boots
Stlth   ..........              T - amulet of Vampiric Thralls {Reflect Slay+3 SH+5 SInv}
HPRegen 0.27/turn               C - ring of Jobypt {+Blink MP+9 Str+2}
MPRegen 0.20/turn               y - ring of poison resistance

@: about to teleport
A: antennae 2, claws 2, demonic guardian 3, weakness stinger 1
a: Renounce Religion, Evoke Blink, Draw Escape, Draw Destruction, Draw
Summoning, Triple Draw, Deal Four, Stack Five


You were on level 3 of the Lair of Beasts.
You worshipped Nemelex Xobeh.
Nemelex Xobeh was extremely pleased with you.
You visited 3 branches of the dungeon, and saw 15 of its levels.

You collected 1319 gold pieces.
You spent 62 gold pieces at shops.

Inventory:

Hand Weapons
 p - the +12 quarterstaff of Wusye (weapon) {drain, +Blink rC- Will+ Int+4}
   (You found it on level 4 of the Dungeon)

   A truly terrible weapon, it drains the life of any living foe it strikes.
   Int:       It affects your intelligence (+4).
   rC:        It makes you vulnerable to cold.
   +Blink:    It lets you blink.
   Will:      It increases your willpower.
Missiles
 e - 161 stones
 f - 2 throwing nets (quivered)
 m - 5 boomerangs
 o - 19 poisoned darts
 U - 6 javelins
Armour
 d - a +0 plate armour (worn)
 g - a +1 pair of gloves of strength (worn)
 k - a +0 buckler
 t - the +2 hat of Teer (worn) {Contam rC+++ Dex+6}
   (You acquired it on level 3 of the Lair of Beasts)

   Dex:       It affects your dexterity (+6).
   rC:        It renders you almost immune to cold.
   Contam:    It causes magical contamination when unequipped.
 z - a +0 kite shield
 D - a +0 pair of boots (worn)
 N - a +1 cloak (worn)
Jewellery
 y - a ring of poison resistance (right hand)
 C - the ring of Jobypt (left hand) {+Blink MP+9 Str+2}
   (You acquired it on level 3 of the Dungeon)

   [ring of magical power]

   Str:       It affects your strength (+2).
   MP:        It affects your magic capacity (+9).
   +Blink:    It lets you blink.
 K - a ring of protection from cold
 O - a ring of positive energy
 T - the amulet of Vampiric Thralls (around neck) {Reflect Slay+3 SH+5 SInv}
   (You acquired it on level 11 of the Dungeon)

   [amulet of reflection]

   It reflects blocked missile attacks.
   Slay:      It affects your accuracy & damage with ranged weapons and melee
   (+3).
   SInv:      It lets you see invisible.
   SH:        It affects your SH (+5).
Wands
 a - a wand of mindburst (7)
 r - a wand of paralysis (13)
 B - a wand of acid (9)
 F - a wand of flame (25)
 H - a wand of digging (4)
 W - a wand of iceblast (7)
 X - a wand of polymorph (4)
Scrolls
 j - 2 scrolls of noise {unknown}
 n - a scroll of blinking
 s - 3 scrolls of enchant armour
 u - 5 scrolls of teleportation
 v - 2 scrolls of magic mapping {unknown}
 x - 2 scrolls of silence
 A - a scroll of immolation {unknown}
 G - a scroll of enchant weapon
 L - a scroll of amnesia {unknown}
 M - a scroll of poison {unknown}
 P - a scroll of fear
 Q - a scroll of torment {unknown}
 Z - a scroll of identify
Potions
 b - a potion of magic
 c - a potion of ambrosia
 h - 2 potions of mutation
 i - 2 potions of brilliance
 l - a potion of flight {unknown}
 w - a potion of berserk rage {unknown}
 E - 3 potions of heal wounds
 I - 3 potions of curing
 J - a potion of resistance
 R - 2 potions of lignification
 V - a potion of might {unknown}
Miscellaneous
 q - a tin of tremorstones (2/2)
 S - a phantom mirror
 Y - a phial of floods


   Skills:
 + Level 14.1 Fighting
 - Level 3.3 Long Blades
 - Level 4.3 Staves
 + Level 10.0 Armour
 - Level 5.1 Dodging
 - Level 1.7 Stealth
 + Level 4.0 Shields
 + Level 10.7 Unarmed Combat
 - Level 9.1 Invocations


You had 11 spell levels left.
You didn't know any spells.
Your spell library contained the following spells:

 Spells                   Type           Power      Damage    Failure   Level
 Foxfire                  Conj/Fire      0%         2x1d4     98%         1
 Magic Dart               Conj           0%         1d3       98%         1
 Blink                    Tloc           0%         N/A       99%         2
 Call Imp                 Summ           0%         N/A       99%         2
 Sublimation of Blood     Necr           0%         N/A       99%         2
 Wereblood                Tmut           0%         N/A       99%         2
 Call Canine Familiar     Summ           0%         N/A       100%        3
 Conjure Flame            Conj/Fire      0%         6-21      100%        3
 Gell's Gravitas          Tloc           0%         N/A       100%        3
 Inner Flame              Hex/Fire       0%         N/A       100%        3
 Lesser Beckoning         Tloc           0%         N/A       100%        3
 Mephitic Cloud           Conj/Pois/Air  0%         N/A       100%        3
 Portal Projectile        Hex/Tloc       0%         N/A       100%        3
 Teleport Other           Tloc           0%         N/A       100%        3
 Flame Wave               Conj/Fire      0%         2d4       100%        4
 Leda's Liquefaction      Hex/Erth       0%         N/A       100%        4
 Manifold Assault         Tloc           0%         N/A       100%        5
 Storm Form               Tmut/Air       0%         N/A       100%        7
 Summon Hydra             Summ           0%         N/A       100%        7


Dungeon Overview and Level Annotations

Branches:
Dungeon (11/15)            Temple (1/1) D:5            Lair (3/5) D:10
  Swamp (0/4) Lair:2        Snake (0/4) Lair:3          Orc (0/2) D:11

Altars:
Ashenzari
Cheibriados
Dithmenos
Fedhas
Gozag
Hepliaklqana
Kikubaaqudgha
Makhleb
Nemelex Xobeh
Okawaru
Qazlal
Ru
Sif Muna
Trog
Uskayaw
Vehumet
Wu Jian
Xom
Yredelemnul

Shops:
D:9 *   D:11 *

Annotations:
Lair:2 3 runed translucent doors, Affec's ghost, journeyman DjIE; Kotami's ghost, journeyman OpFi


Innate Abilities, Weirdness & Mutations

You have a pair of antennae on your head.
You have very sharp fingernails.
A powerful demonic guardian rushes to your aid.
You have a small tail.


Message History

You block the cane toad's attack. You block the naga's attack.
The black mamba bites you!
The cane toad stings you but does no damage.
You sock the black mamba!
The black mamba is heavily wounded.
The black mamba bites you but does no damage.
The cane toad stings you.
The naga hits you from afar with a +1 vampiric halberd!
The black mamba bites you but does no damage.
The cane toad stings you. You block the yak's attack.
The cane toad stings you but does no damage.
Unknown command.
As you read the scroll of teleportation, it crumbles to dust.
You feel strangely unstable. The black mamba barely misses you.
The naga hits you but does no damage. The cane toad stings you!
The black mamba bites you but does no damage.
The yak gores you.
The cane toad stings you but does no damage.
Unknown command.
The black mamba attacks as you move away!
The black mamba bites you but does no damage.
The cane toad attacks as you move away! You block the cane toad's attack.
Found a stone staircase leading up.
The black mamba bites you.
* * * LOW HITPOINT WARNING * * *
Unknown command.
The cane toad attacks as you move away! The cane toad stings you!
* * * LOW HITPOINT WARNING * * *
The black mamba bites you.
* * * LOW HITPOINT WARNING * * *
A demonic guardian appears!
You are lethally poisoned!
The black mamba poisons you! The cane toad misses you.
You feel better. The cane toad barely misses you.
The black mamba closely misses you. The yak misses you.
You block the cane toad's attack.
The naga hits you from afar with a +1 vampiric halberd!!
* * * LOW HITPOINT WARNING * * *
The cane toad stings you.
You die...
Your body glows with a rainbow of weird colours and disappears.

........#....##...#....~~~~~
.#.....#.....#....##.{~~~.~.
.#...........##...##.~~~....
.##.#..##....##...##<~~.....
.##.P.P##....##...##.~~...>.
.....P.......P###..#.~~....~
...................Y.~~~....
...............YFFN...~~~...
................@SY...~~~~~~
.......r........3Y.....~~~
##..##...................P
##.##†##.....###...#......
..†....# ....P ..##.#.....
......#.......#... .......
...............<.. ##....
.......#.....P.... ^.
####..##......


You could see a black mamba (summoned, ally target), 4 yaks, 2 cane toads, a
naga and a friendly sun demon (summoned).

Vanquished Creatures
  A hydra (Lair:3)
  Urug (Lair:1)
  Sonja (D:10)
  Pikel (D:5)
  A cyclops (D:11)
  3 elephants
  Maurice (D:8)
  3 black mambas
  3 cane toads
  5 rime drakes
  A troll (D:11)
  5 blink frogs (Lair:3)
  A hornet (D:9)
  A water elemental (D:11)
  A wraith (D:10)
  A shadow (D:6)
  2 basilisks
  A wyvern (Lair:1)
  A human (Lair:3)
  10 steam dragons
  26 yaks
  4 vampire mosquitoes (D:11)
  7 water moccasins
  2 nagas (Lair:3)
  4 acid dragons
  Duvessa (D:7)
  An ice beast (D:7)
  3 orc warriors
  2 ogres
  2 black bears
  4 centaurs
  A tengu (Lair:3)
  3 kobold brigands
  4 bullfrogs
  3 scorpions
  4 wights (D:9)
  Dowan (D:7)
  12 killer bees
  2 electric eels (D:11)
  A howler monkey (D:8)
  2 jellies
  8 orc priests
  A gnoll bouda (D:10)
  4 hounds
  2 iguanas
  5 orc wizards
  Terence (D:2)
  4 hell rats (Lair:3)
  13 gnolls
  7 adders
  A shadow imp (D:8)
  2 white imps
  A worm (D:4)
  A dart slug (D:1)
  30 orcs
  4 ball pythons
  13 endoplasms
  6 giant cockroaches
  7 hobgoblins
  3 jackals
  A quokka (D:2)
  2 bats (D:1)
  11 frilled lizards
  14 goblins
  15 kobolds
  6 rats
295 creatures vanquished.

Vanquished Creatures (collateral kills)
  Gastronok (Lair:1)
  A hydra (Lair:3)
  A skeletal warrior (D:10)
  3 elephants (Lair:1)
  Joseph (Lair:1)
  A gargoyle (D:10)
  A troll (D:10)
  A hornet (D:10)
  6 yaks (D:10)
  A steam dragon (Lair:3)
  An acid dragon (D:9)
  A warg (D:8)
  An orc wizard (D:8)
  2 hell rats (Lair:3)
  Robin (D:2)
  A goblin (D:2)
  A hobgoblin (D:2)
25 creatures vanquished.

Vanquished Creatures (others)
  A blink frog (Lair:3)
  16 fungi
  34 plants
51 creatures vanquished.

Grand Total: 371 creatures vanquished

Notes
Turn   | Place    | Note
-------+----------+-------------------------------------------
     0 | D:1      | RatsInWalls the Demonspawn Monk began the quest for the
                  | Orb.
     0 | D:1      | Reached XP level 1. HP: 18/18 MP: 1/1
   114 | D:1      | Gained mutation: A weak demonic guardian rushes to your
                  | aid. [demonic ancestry]
   114 | D:1      | Reached XP level 2. HP: 9/24 MP: 2/2
   426 | D:1      | Reached skill level 1 in Armour
   900 | D:1      | Discovered your monstrous ancestry.
   900 | D:1      | Gained mutation: You have a pair of small antennae on your
                  | head. [demonic ancestry]
   900 | D:1      | Reached XP level 3. HP: 22/29 MP: 3/3
  1382 | D:1      | Identified 3 scrolls of acquirement
  1382 | D:1      | Acquired a manual of Fighting
  1827 | D:2      | Found a sacrificial altar of Ru.
  1832 | D:2      | Gained mutation: You have sharp fingernails. [demonic
                  | ancestry]
  1832 | D:2      | Reached XP level 4. HP: 36/37 MP: 4/4
  2129 | D:2      | Reached skill level 4 in Fighting
  2479 | D:2      | Noticed Robin
  2497 | D:2      | Killed Robin
  2818 | D:3      | Noticed Terence
  2857 | D:2      | Killed Terence
  2858 | D:2      | Reached skill level 1 in Unarmed Combat
  3110 | D:2      | Reached XP level 5. HP: 39/43 MP: 5/5
  3756 | D:3      | Reached skill level 5 in Fighting
  3837 | D:2      | Reached XP level 6. HP: 35/51 MP: 6/6
  4192 | D:3      | Found a faded altar of an unknown god.
  4472 | D:3      | Acquired the ring of Jobypt {+Blink MP+9 Str+2}
  4945 | D:4      | Acquired a +0 pair of gloves of strength
  6147 | D:4      | Identified the +12 quarterstaff of Wusye {drain, +Blink rC-
                  | Will+ Int+4}
  6399 | D:5      | Entered Level 5 of the Dungeon
  6400 | D:5      | Found the +6 shillelagh "Devastator" {shatter}
  6412 | D:5      | Reached skill level 6 in Fighting
  6412 | D:5      | Reached skill level 1 in Staves
  6412 | D:5      | Gained mutation: You have very sharp fingernails. [demonic
                  | ancestry]
  6412 | D:5      | Reached XP level 7. HP: 31/58 MP: 7/7
  6797 | D:5      | Noticed Pikel
  6808 | D:5      | Killed Pikel
  6809 | D:5      | Reached skill level 7 in Fighting
  6809 | D:5      | Reached XP level 8. HP: 57/67 MP: 8/8
  6928 | D:5      | Identified the +0 leather armour of the Grinning Gods
                  | {SInv}
  7123 | D:5      | Found a staircase to the Ecumenical Temple.
  7241 | Temple   | Entered the Ecumenical Temple
  7461 | Temple   | Became a worshipper of Nemelex Xobeh the Trickster
  7461 | Temple   | Reached * piety under Nemelex Xobeh
  7461 | Temple   | Received a gift from Nemelex Xobeh
  7461 | Temple   | Reached ** piety under Nemelex Xobeh
  7866 | D:6      | Reached skill level 8 in Fighting
  7866 | D:6      | Reached skill level 1 in Invocations
  7952 | D:6      | Reached skill level 5 in Armour
  7952 | D:6      | Reached skill level 5 in Unarmed Combat
  8297 | D:7      | Gained mutation: A demonic guardian rushes to your aid.
                  | [demonic ancestry]
  8297 | D:7      | Reached XP level 9. HP: 75/75 MP: 11/11
  8347 | D:7      | Noticed Duvessa
  8357 | D:7      | Killed Duvessa
  8361 | D:7      | Noticed Dowan
  8365 | D:7      | Killed Dowan
  8410 | D:7      | Reached skill level 9 in Fighting
  8673 | D:7      | Identified the +9 flail of Icwawn {vorpal, *Rage rF+ Str+5}
  9113 | D:7      | Received a gift from Nemelex Xobeh
  9317 | D:7      | You fall into a shaft and drop 2 floors!
  9405 | D:9      | Found Ginuanud's Serpentskin Sales.
  9612 | D:9      | Reached skill level 5 in Invocations
  9618 | D:9      | Reached skill level 10 in Fighting
  9954 | D:9      | Gained mutation: You have a small tail. [demonic ancestry]
  9954 | D:9      | Reached XP level 10. HP: 83/86 MP: 14/14
  9981 | D:8      | Found a broken altar of Ashenzari.
 10055 | D:8      | Noticed Maurice
 10058 | D:8      | Paralysed by something for 5 turns
 10080 | D:8      | Killed Maurice
 10262 | D:8      | Received a gift from Nemelex Xobeh
 10386 | D:8      | Noticed Psyche
 10386 | D:8      | Noticed a cyclops
 10390 | D:8      | Noticed Psyche
 10390 | D:8      | Noticed an elephant
 10390 | D:8      | a cyclops changed into an elephant
 10392 | D:8      | Killed Psyche the ogre
 10396 | D:8      | Killed an elephant
 10397 | D:8      | Reached skill level 11 in Fighting
 10626 | D:8      | Reached *** piety under Nemelex Xobeh
 10742 | D:8      | Noticed Maggie
 10750 | D:8      | Noticed Maggie
 10750 | D:8      | Maggie changed into Maggie the warg
 10753 | D:8      | Killed Maggie the warg
 12118 | D:10     | Entered Level 10 of the Dungeon
 12155 | D:10     | Reached skill level 12 in Fighting
 12161 | D:10     | Gained mutation: A powerful demonic guardian rushes to your
                  | aid. [demonic ancestry]
 12161 | D:10     | Reached XP level 11. HP: 27/95 MP: 16/16
 12493 | D:10     | Noticed Sonja
 12495 | D:10     | Killed Sonja
 12822 | D:10     | Noticed a skeletal warrior
 12837 | D:10     | Killed a skeletal warrior
 13116 | D:10     | Reached skill level 5 in Dodging
 13431 | D:10     | Found a staircase to the Lair.
 13665 | D:10     | Received a gift from Nemelex Xobeh
 13737 | D:10     | Found a faded altar of an unknown god.
 13739 | D:10     | Found a hazy altar of Hepliaklqana.
 13742 | D:10     | Reached skill level 13 in Fighting
 13793 | Lair:1   | Entered Level 1 of the Lair of Beasts
 13913 | D:11     | Identified the +1 ring mail of Action {Contam rElec Slay+2
                  | Stlth+}
 14230 | D:11     | Reached **** piety under Nemelex Xobeh
 14256 | D:11     | Acquired the amulet of Vampiric Thralls {Reflect Slay+3
                  | SH+5 SInv}
 14286 | D:11     | Found a staircase to the Orcish Mines.
 14357 | D:11     | Found Mukkucvi's Assorted Antiques.
 14370 | D:11     | Bought a scroll of identify for 62 gold pieces
 15073 | Lair:1   | Noticed Urug
 15179 | Lair:1   | Killed Urug
 15180 | Lair:1   | Gained mutation: You have a pair of antennae on your head.
                  | [demonic ancestry]
 15180 | Lair:1   | Reached XP level 12. HP: 84/105 MP: 18/18
 15192 | Lair:1   | Noticed Joseph
 15196 | Lair:1   | Killed Joseph
 15460 | Lair:1   | Noticed Gastronok
 15473 | Lair:1   | Killed Gastronok
 15691 | Lair:1   | Received a gift from Nemelex Xobeh
 16133 | Lair:1   | Reached skill level 1 in Shields
 16476 | Lair:2   | Reached skill level 10 in Unarmed Combat
 16735 | Lair:2   | Found a staircase to the Swamp.
 16753 | Lair:2   | Reached ***** piety under Nemelex Xobeh
 16854 | Lair:2   | Received a gift from Nemelex Xobeh
 16996 | Lair:2   | Found a runed translucent gate.
 16996 | Lair:2   | Found a runed translucent gate.
 16996 | Lair:2   | Found a runed translucent gate.
 17145 | Lair:2   | Noticed Kotami's ghost (journeyman OpFi)
 17145 | Lair:2   | Noticed Affec's ghost (journeyman DjIE)
 17145 | Lair:2   | Noticed Affec's ghost (journeyman DjIE)
 17348 | Lair:3   | Noticed a five-headed hydra
 17355 | Lair:3   | Identified the -1 long sword of Noon {vorpal, Int+4 Stlth+}
 17357 | Lair:3   | Killed a five-headed hydra
 17570 | Lair:3   | Acquired the +2 hat of Teer {Contam rC+++ Dex+6}
 17650 | Lair:3   | Reached skill level 14 in Fighting
 17650 | Lair:3   | Noticed a seven-headed hydra
 17662 | Lair:3   | Killed a seven-headed hydra
 17778 | Lair:3   | Reached skill level 10 in Armour
 18208 | Lair:3   | Received a gift from Nemelex Xobeh
 18510 | Lair:3   | Found a staircase to the Snake Pit.
 18543 | Lair:3   | HP: 1/107 [naga/+1 vampiric halberd (20)]
 18543 | Lair:3   | Slain by a cane toad

Illustrated notes

Levels and vault maps discovered:
D:1:      minmay_arrival_cross, layout_rooms, serial_bayou, serial_bayou_pond_b,
          serial_bayou_pond_c, serial_bayou_shore_b, serial_bayou_lagoon_a,
          serial_bayou_shore_b, minmay_lizard_pond
D:2:      layout_rooms, basic_altar, grunt_ministairs_9, uniq_robin
D:3:      layout_loops_ring, shapermc_ecumenical_altar_ellora,
          minmay_misc_feat_doors, uniq_terence
D:4:      layout_basic
D:5:      layout_basic, minmay_temple_entry_enclosed_plants,
          dilly_guarded_unrand_devastator, uniq_pikel
D:6:      layout_loops_ring
D:7:      layout_basic, enter_bailey_4, uniq_duvessa
D:8:      layout_basic, mainiacjoe_overflow_cross_hatched, uniq_maggie,
          uniq_maurice, uniq_psyche
D:9:      layout_grid_maze, guppyfry_shop_venom
D:10:     layout_loops_ring, beargit_hepliaklqana_dungeon_heroes,
          lair_entry_dummy, uniq_sonja
D:11:     layout_big_octagon, orc_0_dummy, serial_shops, shop
Temple:   nicolae_temple_bog_church
Lair:1:   layout_gridlike, serial_bayou_shore_a, uniq_urug, uniq_joseph,
          uniq_gastronok
Lair:2:   layout_chaotic_city, swamp_mist_pool, serial_rivers,
          chequers_serial_rivers_marsh, chequers_serial_rivers_small_3,
          chequers_serial_rivers_small_b, chequers_serial_rivers_small_3,
          chequers_serial_rivers_micro_b, chequers_serial_rivers_micro_d,
          gammafunk_ghost_cemetery
Lair:3:   layout_regular_city, guppyfry_snake_entry_island,
          bobbens_dragon_lair_wall

Skill      XL: |  1  2  3  4  5  6  7  8  9 10 11 12 |
---------------+-------------------------------------+-----
Long Blades    | 3 |  3.3
Armour         | 1 2 3 4 5 6 7 8 10 | 10.0
Fighting       | 4 5 6 7 8 10 12 13 14 | 14.1
Unarmed Combat | 1 2 3 4 5 6 7 9 10 | 10.7
Staves         | 1 3 4 |  4.3
Invocations    | 2 6 7 8 9 |  9.1
Dodging        | 4 5 |  5.1
Shields        | 4 |  4.0
Stealth        | |  1.7

Action                   |  1- 3 |  4- 6 |  7- 9 | 10-12 || total
-------------------------+-------+-------+-------+-------++-------
Melee: Falchion          |    93 |       |       |       ||    93
       Dagger            |    26 |   239 |       |       ||   265
       Punch             |       |     5 |       |       ||     5
       Quarterstaff      |       |     5 |   150 |   385 ||   540
       Tailslap          |       |       |       |    58 ||    58
Throw: Throwing net      |     1 |     1 |       |       ||     2
Invok: Draw Destruction  |       |       |       |    21 ||    21
       Draw Escape       |       |       |       |     3 ||     3
       Draw Summoning    |       |       |       |     4 ||     4
       Deal Four         |       |       |       |     1 ||     1
Evoke: Wand              |       |       |     2 |     3 ||     5
  Use: Scroll            |     1 |    10 |     2 |    11 ||    24
       Potion            |       |     4 |       |     3 ||     7
 Stab: Sleeping          |     5 |     1 |       |       ||     6
       Distracted        |       |       |       |     2 ||     2
Armor: Robe              |    17 |     3 |       |       ||    20
       Scale mail        |       |    94 |    70 |     7 ||   171
       Plate armour      |       |       |       |   333 ||   333
Dodge: Dodged            |    72 |   103 |   102 |   208 ||   485
Block: Other             |       |       |       |    60 ||    60
